 Dungeon Crawl Stone Soup version 0.30-a0-279-g4b46babb21 (webtiles) character file.

Game seed: 9697288320184451303

541 Lobster4 the Gusty (level 7, -9/36 (38) HPs)
             Began as a Tengu Air Elementalist on Oct 16, 2022.
             Mangled by Edmund
             ... wielding a +3 dire flail of draining
              (15 damage)
             ... on level 5 of the Dungeon.
             The game lasted 00:16:00 (5026 turns).

Lobster4 the Gusty (Tengu Air Elementalist)         Turns: 5026, Time: 00:16:00

HP:   -9/36 (38)    AC:  5    Str:  8    XL:     7   Next: 26%
MP:   9/12          EV: 15    Int: 17    God:
Gold: 267           SH:  0    Dex: 15    Spells: 4/12 levels left

rFire   . . .      SeeInvis .    a - staff of air
rCold   . . .      Faith    .    (no shield)
rNeg    . . .      Spirit   .    e - +0 robe
rPois   .          Reflect  .    (helmet restricted)
rElec   +          Harm     .    (no cloak)
rCorr   .          Rampage  .    m - +2 pair of gloves
Will    .....                    (boots unavailable)
Stlth   ++........               G - amulet of magic regeneration
HPRegen 0.26/turn                i - ring of flight
MPRegen 0.53/turn                (no ring)

@: flying quickly and evasively, drained, quick
A: beak, talons 3, nimble flight
a: no special abilities


You were on level 5 of the Dungeon.
You visited 2 branches of the dungeon, and saw 6 of its levels.

You collected 267 gold pieces.

Inventory:

Hand Weapons
 b - a +0 sling
 y - a +0 hand axe
 A - a +0 flail
 B - a +2 dagger of venom
 H - a +2 whip of venom
Missiles
 k - 52 stones
 q - 2 throwing nets
 D - 9 poisoned darts
 E - 2 javelins
Armour
 c - a +0 ring mail
 e - a +0 robe (worn)
 m - a +2 pair of gloves (worn)
 L - the +3 ring mail of the Last Teeth {rC+ rCorr Int-5 Slay+4}
   (You found it on level 4 of the Dungeon)

   Int:       It affects your intelligence (-5).
   Slay:      It affects your accuracy & damage with ranged weapons and melee
   (+4).
   rC:        It protects you from cold.
   rCorr:     It protects you from acid and corrosion.
Magical Staves
 a - a staff of air (weapon)
Jewellery
 i - a ring of flight (left hand)
 r - an amulet of regeneration
 G - an amulet of magic regeneration (around neck)
Wands
 I - a wand of polymorph (11)
Scrolls
 d - a scroll of blinking
 f - a scroll of vulnerability {unknown}
 h - a scroll of torment {unknown}
 l - 2 scrolls of enchant weapon {unknown}
 n - a scroll of teleportation {unknown}
 o - 2 scrolls of magic mapping {unknown}
 p - 2 scrolls of poison {unknown}
 s - a scroll of amnesia {unknown}
 x - a scroll of butterflies {unknown}
 J - a scroll of noise {unknown}
 M - a scroll of fear {unknown}
Potions
 g - 2 potions of haste {unknown}
 j - a potion of curing
 t - a potion of might
 v - a potion of lignification {unknown}
 w - 2 potions of heal wounds {unknown}
 z - a potion of berserk rage
 C - 2 potions of magic
 F - a potion of brilliance


   Skills:
 - Level 1.0 Fighting
 + Level 2.0 Armour
 - Level 3.0 Dodging
 - Level 3.0 Stealth
 - Level 3.0 Spellcasting
 + Level 4.6 Conjurations
 * Level 6.4 Air Magic
 + Level 2.5 Evocations


You had 4 spell levels left.
You knew the following spells:

 Your Spells              Type           Power      Damage    Failure   Level
a - Shock                 Conj/Air       100%       1d9       1%          1
b - Swiftness             Air            36%        N/A       3%          3
c - Airstrike             Air            18%        2d(3-19)  12%         4

Your spell library contained the following spells:

 Spells                   Type           Power      Damage    Failure   Level
 Static Discharge         Conj/Air       64%        2-5/arc   2%          2
 Tukima's Dance           Hex            2%         N/A       45%         3
 Passage of Golubria      Tloc           2%         N/A       86%         4
 Iskenderun's Battlesphe  Conj           18%        2d7       56%         5
 Yara's Violent Unravell  Hex/Tmut       1%         3d3       99%         5
 Iron Shot                Conj/Erth      5%         9d2       100%        6
 Spellforged Servitor     Conj/Summ      5%         N/A       100%        7


Dungeon Overview and Level Annotations

Branches:
Dungeon (5/15)             Temple (1/1) D:5

Altars:
Ashenzari
Cheibriados
Dithmenos
Elyvilon
Fedhas
Gozag
Hepliaklqana
Kikubaaqudgha
Makhleb
Nemelex Xobeh
Qazlal
Ru
Sif Muna
Trog
Uskayaw
Wu Jian
Yredelemnul
Zin
The Shining One

Shops:
D:2 =   D:3 (

Annotations:
D:2 1 runed translucent door, Crazy Yiuf
D:5 Edmund


Innate Abilities, Weirdness & Mutations

You have a beak for a mouth.
You have claws for feet.
Your magical nature lets you fly swiftly and evasively.


Message History

Aim: Edmund, wielding a +3 dire flail of draining and wearing a +0 scale mail (heavily wounded, very poisoned, slow, 77% to hit)
You feel a surge of power!
The zap hits Edmund.
Edmund is heavily wounded.
Casting: Shock (safe; 1% risk of failure)
Confirm with . or Enter, or press ? or * to list all spells.
Aiming: Shock (safe; 1% risk of failure)
Press: ? - help, Shift-Dir - straight line, f/p - Edmund
Aim: Edmund, wielding a +3 dire flail of draining and wearing a +0 scale mail (heavily wounded, very poisoned, slow, 77% to hit)
You feel a surge of power!
The zap hits Edmund but does no damage.
Edmund is heavily wounded.
Edmund drinks a potion.
Edmund shakes off his lethargy.
Edmund goes berserk!
Casting: Shock (safe; 1% risk of failure)
Confirm with . or Enter, or press ? or * to list all spells.
Aiming: Shock (safe; 1% risk of failure)
Press: ? - help, Shift-Dir - straight line, f/p - Edmund
Aim: Edmund, wielding a +3 dire flail of draining and wearing a +0 scale mail (heavily wounded, berserk, very poisoned, 77% to hit)
You feel a surge of power!
The zap hits Edmund.
Edmund is severely wounded.
Edmund rages. x2
Casting: Shock (safe; 1% risk of failure)
Confirm with . or Enter, or press ? or * to list all spells.
Aiming: Shock (safe; 1% risk of failure)
Press: ? - help, Shift-Dir - straight line, f/p - Edmund
Aim: Edmund, wielding a +3 dire flail of draining and wearing a +0 scale mail (severely wounded, berserk, very poisoned, 77% to hit)
You feel a surge of power!
The zap hits Edmund.
Edmund is severely wounded.
Edmund barely misses you.
Casting: Shock (safe; 1% risk of failure)
Confirm with . or Enter, or press ? or * to list all spells.
Aiming: Shock (safe; 1% risk of failure)
Press: ? - help, Shift-Dir - straight line, f/p - Edmund
Aim: Edmund, wielding a +3 dire flail of draining and wearing a +0 scale mail (severely wounded, berserk, very poisoned, 77% to hit)
You feel a surge of power!
The zap hits Edmund but does no damage.
Edmund is severely wounded.
Edmund hits you with a +3 dire flail of draining!!
Ouch! That really hurt!
You feel drained.
* * * LOW HITPOINT WARNING * * *
Edmund hits you with a +3 dire flail of draining!
You die...

.#####....######.###
.................... #
#####..[.####....#. ###.
#....# #.#.... ##...
#....# #.#.##. ....#
#....# #...##.
#..####....# ######.
#.....##### #. ##|@..## #.
#..@..# #. #.....## ##
#......# ##########
###....#...........##
##......#...........##
#####..#######..........##
#.....## #..(.......##
##.##### #............


You could see Edmund (berserk, very poisoned).

Vanquished Creatures
  A phantom (D:4)
  Blork the orc (D:5)
  2 scorpions (D:5)
  A hound (D:5)
  2 jellies
  2 orc wizards (D:5)
  An iguana (D:4)
  3 adders
  A shadow imp (D:5)
  A worm (D:5)
  3 dart slugs
  10 orcs
  4 ball pythons
  2 bats (D:1)
  5 endoplasms
  6 goblins
  10 hobgoblins
  A jackal (D:1)
  5 quokkas
  3 frilled lizards
  5 kobolds
  2 rats
71 creatures vanquished.

Notes
Turn   | Place    | Note
-------+----------+-------------------------------------------
     0 | D:1      | Lobster4 the Tengu Air Elementalist began the quest for the
                  | Orb.
     0 | D:1      | Reached XP level 1. HP: 10/10 MP: 4/4
   324 | D:1      | Reached XP level 2. HP: 15/15 MP: 4/6
  1137 | D:1      | Reached XP level 3. HP: 20/20 MP: 3/7
  1141 | D:1      | Learned a level 3 spell: Swiftness
  1346 | D:2      | Found a sacrificial altar of Ru.
  1388 | D:2      | Reached skill level 1 in Fighting
  1759 | D:2      | Found Naippic's Jewellery Shoppe.
  1873 | D:2      | Found a runed translucent door.
  1874 | D:2      | Noticed Crazy Yiuf
  2000 | D:2      | Reached XP level 4. HP: 25/25 MP: 5/8
  2313 | D:3      | Found Dufaenam's Weapon Boutique.
  3040 | D:3      | Found an ornate altar of the Wu Jian Council.
  3215 | D:4      | Noticed a phantom
  3248 | D:4      | Gained mutation: Your magical nature lets you fly swiftly
                  | and evasively. [Tengu growth]
  3248 | D:4      | Reached XP level 5. HP: 29/29 MP: 5/9
  3438 | D:4      | Identified the +3 ring mail of the Last Teeth {rC+ rCorr
                  | Int-5 Slay+4}
  3532 | D:4      | Reached skill level 1 in Evocations
  3548 | D:4      | Killed a phantom
  3549 | D:4      | Reached skill level 5 in Air Magic
  3823 | D:4      | Reached XP level 6. HP: 34/34 MP: 7/11
  4151 | D:5      | Entered Level 5 of the Dungeon
  4293 | D:5      | Noticed Blork the orc
  4301 | D:5      | Killed Blork the orc
  4302 | D:5      | Reached skill level 1 in Armour
  4517 | D:5      | Reached skill level 6 in Air Magic
  4517 | D:5      | Reached XP level 7. HP: 38/38 MP: 8/12
  4570 | D:5      | Noticed Edmund
  4612 | D:5      | Learned a level 4 spell: Airstrike
  4824 | D:5      | Found a staircase to the Ecumenical Temple.
  4841 | Temple   | Entered the Ecumenical Temple
  5026 | D:5      | Mangled by Edmund

Illustrated notes

Levels and vault maps discovered:
D:1:      amcnicky_arrival_underground_garden, layout_loops_corners,
          chequers_serial_rivers_marsh, st_stairs_4
D:2:      layout_rooms, serial_shops, nicolae_shop_advertising_works
          [nicolae_subvault_shop_adworks], basic_altar, uniq_crazy_yiuf_cottage
D:3:      layout_loops_cross, pdpol_wu_jian_five_deadly_venoms, serial_shops,
          shop, amethyst_killhole
D:4:      layout_basic
D:5:      layout_basic, nicolae_vehumet_radiance, temple_pool_b, uniq_edmund,
          uniq_blork_the_orc, uniq_menkaure, uniq_pikel
Temple:   hc_temple_tempest_star

Skill      XL: |  1  2  3  4  5  6  7 |
---------------+----------------------+-----
Fighting       | 1 |  1.0
Conjurations   | 2 3 4 |  4.6
Dodging        | 3 |  3.0
Evocations     | 1 2 |  2.5
Stealth        | 3 |  3.0
Air Magic      | 5 6 |  6.4
Spellcasting   | 3 |  3.0
Armour         | 1 2 |  2.0

Action                   |  1- 3 |  4- 6 |  7- 9 || total
-------------------------+-------+-------+-------++-------
Melee: Dagger            |    13 |       |       ||    13
       Kick              |     2 |       |       ||     2
       Peck              |     1 |       |       ||     1
       Club              |     2 |       |       ||     2
Throw: Dart              |       |       |     6 ||     6
 Cast: Shock             |    74 |    92 |    22 ||   188
  Use: Scroll            |       |       |     6 ||     6
Armor: Robe              |     5 |     1 |       ||     6
Dodge: Dodged            |    22 |    12 |     4 ||    38

Table legend: (Time is in decaauts)
 A = Elapsed time spent in this place.
 B = Non-inter-level travel time spent in this place.
 C = Inter-level travel time spent in this place.
 D = Time resting spent in this place.
 E = Time spent auto-exploring this place.
 F = Levels seen in this place.
 G = Mean time per level.
                   A        B        C        D        E       F      G
               +--------+--------+--------+--------+--------+-----+--------+
         Total |   4915 |   4691 |    224 |    632 |   3342 |   6 |  819.2 |
       Dungeon |   4819 |   4604 |    215 |    632 |   3272 |   5 |  963.8 |
        Temple |     96 |     87 |      9 |      0 |     70 |   1 |   96.0 |
               +--------+--------+--------+--------+--------+-----+--------+

Top non-repeatable levels by time:
     D:1: 1340 daAuts
     D:4: 1013 daAuts
     D:2: 916 daAuts
     D:3: 905 daAuts
     D:5: 643 daAuts
  Temple: 96 daAuts
